Map: Tête de pont EC (Void)

Players

kawhiet - Winner!

  • Race: Zerg Zerg
  • League: Grandmaster

AgCl

  • Race: Protoss Protoss
  • League: Grandmaster

VOD

Have the link to the VOD?

Description

Time

  • Played on: July 14, 2015, 2:16 a.m.
  • Length: 9:15
Show
View Real Time Build Order
Export as new Build Order

kawhiet Zerg - Winner!

Build Orders: Pool First 

Get SALT Encoding   

  12  0:07  Overlord  
  12  0:13  Drone  
  13  0:20  Drone  
  14  0:27  Drone  
  15  0:35  Drone  
  16  0:43  Spawning Pool  
  16  0:48  Drone  
  16  1:08  Hatchery  
  15  1:15  Drone x2  
  17  1:29  Queen  
  17  1:30  Zergling x2  
  20  1:34  Overlord  
  20  1:42  Drone, Extractor  
  20  1:52  Drone  
  21  1:58  Drone  
  22  2:06  Queen  
  24  2:09  Drone  
  25  2:19  Overlord  
  25  2:20  Overlord  
  23  2:54  Drone  
  23  2:55  Drone x5  
  29  3:08  Drone  
  29  3:09  Drone x2  
  32  3:14  Metabolic Boost  
  32  3:27  Drone  
  32  3:28  Drone x4  
  32  3:33  Spore Crawler  
  36  3:35  Spore Crawler  
  36  3:38  Drone  
  36  3:47  Drone  
  36  3:48  Drone x3  
  40  3:52  Drone  
  40  3:53  Drone x2  
  43  4:10  Hatchery  
  42  4:19  Lair, Extractor  
  42  4:20  Drone x4, Extractor  
  44  4:24  Overlord  
  44  4:25  Extractor  
  43  4:53  Drone  
  43  4:54  Drone x6  
  50  5:05  Zergling x4  
  52  5:11  Overlord  
  52  5:12  Overlord  
  52  5:24  Zergling x2  
  52  5:25  Hydralisk Den, Zergling x12  
  58  5:31  Drone x6  
  58  5:32  Queen  
  58  5:34  Overseer  
  66  5:47  Drone x7  
  70  6:15  Extractor  
  70  6:16  Overlord x5  
  70  6:17  Extractor  
  65  6:26  Hydralisk x4  
  73  6:39  Drone x9  
  82  6:45  Hydralisk  
  83  6:58  Hydralisk  
  83  6:59  Hydralisk x10  
  105  7:18  Hydralisk Den  
  104  7:23  Hydralisk x5  
  104  7:26  Overlord  
  108  7:39  Hydralisk x3  
  114  7:46  Muscular Augments  
  114  7:48  Drone x3  
  114  7:51  Overlord x2  
  117  7:53  Hydralisk x2  
  100  8:13  Hydralisk x6  
  100  8:14  Hydralisk x9  
  120  8:34  Hydralisk x7  
  116  8:41  Overlord x3  
  130  8:42  Overlord  
Show
View Real Time Build Order
Export as new Build Order

AgCl Protoss 

Build Orders: Oracle Opening, Phoenix Opening, Carrier Rush 

Get SALT Encoding   

  12  0:12  Pylon  
  12  0:13  Probe  
  13  0:25  Probe (Chrono Boost)  
  14  0:33  Gateway  
  14  0:37  Probe (Chrono Boost)  
  15  0:44  Assimilator  
  15  0:46  Probe (Chrono Boost)  
  16  0:55  Probe (Chrono Boost)  
  17  1:07  Probe (Chrono Boost)  
  18  1:11  Pylon  
  18  1:16  Probe (Chrono Boost)  
  19  1:20  Zealot  
  22  1:32  Cybernetics Core, Probe (Chrono Boost)  
  22  1:44  Probe (Chrono Boost), Assimilator  
  23  1:50  Probe (Chrono Boost)  
  24  2:01  Probe  
  25  2:13  Probe  
  25  2:14  Stargate  
  26  2:18  Adept (Chrono Boost)  
  28  2:24  Pylon  
  28  2:25  Probe  
  29  2:37  Probe  
  30  2:50  Probe (Chrono Boost)  
  29  3:01  Oracle (Chrono Boost)  
  29  3:02  Mothership Core (Chrono Boost)  
  29  3:05  Nexus  
  34  3:07  Pylon  
  34  3:16  Probe  
  35  3:28  Probe  
  36  3:37  Phoenix (Chrono Boost), Assimilator  
  36  3:38  Pylon  
  36  3:40  Probe, Assimilator  
  39  3:52  Probe  
  40  4:04  Probe (Chrono Boost)  
  41  4:16  Fleet Beacon, Probe (Chrono Boost)  
  42  4:22  Probe (Chrono Boost)  
  44  4:24  Probe (Chrono Boost)  
  44  4:31  Probe (Chrono Boost)  
  46  4:39  Probe (Chrono Boost)  
  46  4:41  Probe (Chrono Boost)  
  46  4:43  Carrier (Chrono Boost)  
  47  4:46  Probe (Chrono Boost)  
  48  4:55  Cybernetics Core, Probe (Chrono Boost)  
  50  5:01  Protoss Air Weapons Level 1 (Chrono Boost)  
  50  5:02  Probe (Chrono Boost)  
  50  5:03  Pylon  
  50  5:06  Pylon  
  57  5:09  Probe (Chrono Boost)  
  57  5:15  Probe (Chrono Boost)  
  57  5:16  Probe (Chrono Boost)  
  59  5:25  Pylon  
  59  5:27  Probe  
  60  5:31  Warp Gate (Chrono Boost)  
  60  5:34  Probe, Stargate  
  61  5:42  Gateway  
  61  5:43  Probe  
  61  5:44  Gateway  
  61  5:46  Probe, Gateway  
  63  5:55  Carrier (Chrono Boost)  
  63  6:08  Graviton Catapult (Chrono Boost)  
  63  6:09  Probe  
  63  6:11  Probe, Carrier (Chrono Boost)  
  68  6:29  Probe  
  69  6:38  Probe  
  75  6:47  Protoss Air Weapons Level 2  
  75  6:52  Pylon, Carrier (Chrono Boost)  
  72  7:14  Stargate  
  78  7:17  Protoss Air Armor Level 1, Pylon, Carrier (Chrono Boost)  
  78  7:23  Pylon  
  78  7:25  Gateway  
  68  7:43  Probe  
  75  7:45  Probe  
  76  7:51  Stalker  
  76  7:56  Stalker  
  80  8:00  Gateway  
  80  8:02  Gateway  
  80  8:04  Pylon  
  80  8:41  Stalker  
  80  8:46  Forge  
Tags
 
Add a new tag
Caveats
  • Supply blocks, unpowered buildings, or Contaminate may cause inaccurate times.
  • Supply counts are checked every 10 seconds.